 Dungeon Crawl Stone Soup version 0.30-a0-585-g93115170b9 (webtiles) character file.

Game seed: 14759499810127299756

175 Dartaoz the Shield-Bearer (level 5, -3/34 HPs)
             Began as a Gargoyle Fighter on Jan 2, 2023.
             Killed from afar by Natasha (7 damage)
             ... with a bolt of light
             ... on level 4 of the Dungeon.
             The game lasted 00:23:51 (3320 turns).

Dartaoz the Shield-Bearer (Gargoyle Fighter)        Turns: 3320, Time: 00:23:52

Health: -3/34      AC: 13    Str: 22    XL:     5   Next: 55%
Magic:  5/5        EV:  7    Int:  8    God:
Gold:   193        SH:  4    Dex:  9    Spells: 4/4 levels left

rFire   . . .      SeeInvis .    v - +0 flail (heavy)
rCold   . . .      Faith    .    c - +0 buckler
rNeg    + . .      Spirit   .    k - +0 chain mail
rPois   ∞          Reflect  .    (no helmet)
rElec   +          Harm     .    (no cloak)
rCorr   .          Rampage  .    (no gloves)
Will    .....                    (no boots) Stlth
                                 (no amulet)
HPRegen 0.25/turn                (no ring)
MPRegen 0.09/turn                (no ring)

@: no status effects
A: sickness immunity, AC +4, negative energy resistance 1, electricity
resistance, torment resistance 1, petrification resistance
a: no special abilities


You were on level 4 of the Dungeon.
You visited 1 branch of the dungeon, and saw 4 of its levels.

You collected 193 gold pieces.

Inventory:

Hand Weapons
 a - a +0 flail
 m - a +0 whip
 o - a +0 mace
 v - a +0 heavy flail (weapon)
Missiles
 p - 10 poisoned darts (quivered)
Armour
 c - a +0 buckler (worn)
 k - a +0 chain mail (worn)
Magical Staves
 b - a staff of air
Wands
 u - a wand of polymorph (4)
Scrolls
 h - a scroll of noise {unknown}
 j - a scroll of vulnerability {unknown}
 q - 2 scrolls of identify {unknown}
 r - a scroll of magic mapping {unknown}
 s - a scroll of blinking {unknown}
 t - a scroll of enchant weapon {unknown}
Potions
 d - a potion of might
 e - a potion of haste
 f - 2 potions of degeneration {unknown}
 g - a potion of lignification {unknown}
 i - a potion of flight {unknown}
 l - 3 potions of curing {unknown}
 n - a potion of attraction {unknown}
 w - a potion of resistance {unknown}


   Skills:
 + Level 4.3 Fighting
 + Level 3.2 Maces & Flails
 + Level 4.3 Armour
 + Level 4.4 Shields


You had 4 spell levels left.
You didn't know any spells.
Your spell library contained the following spells:

 Spells                   Type           Power      Damage    Failure   Level
 Apportation              Tloc           0%         N/A       99%         1
 Poisonous Vapours        Pois/Air       0%         N/A       100%        2
 Inner Flame              Hex/Fire       0%         N/A       100%        3
 Mephitic Cloud           Conj/Pois/Air  0%         N/A       100%        3
 Flame Wave               Conj/Fire      0%         2d4       100%        4
 Sticky Flame             Conj/Fire      0%         2d3       100%        4
 Alistair's Intoxication  Tmut/Pois      0%         N/A       100%        5
 Cigotuvi's Dreadful Rot  Necr/Pois/Air  Unusable   N/A       N/A         2

Dungeon Overview and Level Annotations

Branches:
Dungeon (4/15)
 Temple: D:4-7

Altars:
Fedhas
Sif Muna

Annotations:
D:3 fly's ghost, weakling DgDe
D:4 Natasha


Innate Abilities, Weirdness & Mutations

You are immune to sickness and miasma.
Your stone body is resilient. (AC +4)
You are immune to poison.
You resist negative energy. (rN+)
You are resistant to electric shocks. (rElec)
You are resistant to unholy torment.
You are immune to petrification.


Message History

You barely miss the ufetubus.
The ufetubus hits you but does no damage.
The ufetubus hits you.
The ufetubus hits you but does no damage.
The ufetubus barely misses you. You block the ufetubus's attack.
The ufetubus hits you.
* * * LOW HITPOINT WARNING * * *
You closely miss the ufetubus. You block the ufetubus's attack.
The ufetubus hits you but does no damage. x3
Natasha mumbles some strange words.
You closely miss the ufetubus.
The ufetubus hits you but does no damage.
The ufetubus barely misses you.
The ufetubus hits you but does no damage.
The ufetubus barely misses you. The ufetubus hits you.
* * * LOW HITPOINT WARNING * * *
The ufetubus hits you but does no damage.
You sock the ufetubus!
You kill the ufetubus!
Natasha zaps a wand.
The bolt of light hits you.
* * * LOW HITPOINT WARNING * * *
You closely miss the crimson imp.
The crimson imp hits you but does no damage.
Natasha casts a spell.
The crimson imp hits you but does no damage.
You closely miss the crimson imp.
The crimson imp hits you but does no damage.
You barely miss the crimson imp.
The crimson imp hits you but does no damage.
Natasha barely misses you.
The crimson imp hits you but does no damage.
Natasha zaps a wand.
The bolt of light hits you.
* * * LOW HITPOINT WARNING * * *
You barely miss the crimson imp. The crimson imp barely misses you.
Natasha claws you but does no damage. The crimson imp barely misses you.
You bludgeon the crimson imp!!
You kill the crimson imp!
The crimson imp disappears in a puff of smoke!
Natasha zaps a wand.
The bolt of light hits you!
You die... 5

.. ... ### ... #.###
###### w .. #@§.#
#....#
...h#.##h#.####.##.#
......(.5.....#....#
#.#######......##..#
#.###...#..#
#.#........#
#.#.##<....#
#.#...#....#
#.#.##.....#


You could see Natasha and a crimson imp (summoned).

Vanquished Creatures
  A hound (D:4)
  Jessica (D:2)
  Terence (D:3)
  2 adders (D:2)
  2 ufetubi (D:4)
  2 worms
  A dart slug (D:3)
  2 orcs
  4 endoplasms
  2 giant cockroaches
  3 goblins
  6 hobgoblins
  10 kobolds
  A quokka (D:3)
  9 ball pythons
  3 bats
  5 frilled lizards
  3 rats
58 creatures vanquished.

Vanquished Creatures (others)
  A hobgoblin (D:4)
1 creature vanquished.

Grand Total: 59 creatures vanquished

Notes
Turn   | Place    | Note
-------+----------+-------------------------------------------
     0 | D:1      | Dartaoz the Gargoyle Fighter began the quest for the Orb.
     0 | D:1      | Reached XP level 1. HP: 14/14 MP: 1/1
   154 | D:1      | Reached XP level 2. HP: 19/19 MP: 2/2
   877 | D:2      | Reached XP level 3. HP: 15/23 MP: 3/3
   927 | D:2      | Noticed Jessica
   943 | D:2      | Killed Jessica
  1209 | D:2      | Reached XP level 4. HP: 29/29 MP: 4/4
  1259 | D:2      | Found a faded altar of an unknown god.
  1892 | D:3      | Noticed fly's ghost (weakling DgDe)
  1894 | D:3      | Noticed an ogre
  2245 | D:3      | Found a faded altar of an unknown god.
  2248 | D:3      | Found a blossoming altar of Fedhas.
  2505 | D:3      | Found a runed translucent door.
  2785 | D:3      | Noticed Terence
  2794 | D:3      | Killed Terence
  2795 | D:3      | Reached XP level 5. HP: 33/33 MP: 5/5
  3094 | D:3      | Found a shimmering blue altar of Sif Muna.
  3303 | D:4      | Noticed Natasha
  3320 | D:4      | Killed from afar by Natasha

Illustrated notes

Levels and vault maps discovered:
D:1:      lemuel_arrival_river_bridge, layout_loops_cross
D:2:      kb_forest_paths, layout_basic, shapermc_ecumenical_altar_notcrosses,
          minmay_misc_feat_rows, uniq_jessica
D:3:      layout_loops_ring, nicolae_overflow_ecumenical_swirl,
          nicolae_sif_muna_little_library, hellmonk_ghost_happy_afterlife,
          st_stairs_4, uniq_terence
D:4:      layout_basic, uniq_duvessa, uniq_natasha

Skill      XL: |  1  2  3  4 |
---------------+-------------+-----
Fighting       | 4 |  4.3
Armour         | 4 |  4.3
Shields        | 4 |  4.4
Maces & Flails | 3 |  3.2

Action                   |  1- 3 |  4- 6 || total
-------------------------+-------+-------++-------
Melee: Flail             |    96 |    87 ||   183
       Unarmed           |       |     6 ||     6
Throw: Dart              |       |     4 ||     4
  Use: Potion            |       |     1 ||     1
Armor: Scale mail        |    20 |       ||    20
       Chain mail        |    32 |    59 ||    91
Dodge: Dodged            |    36 |    32 ||    68
Block: Buckler           |    23 |    18 ||    41

Table legend: (Time is in decaauts)
 A = Elapsed time spent in this place.
 B = Non-inter-level travel time spent in this place.
 C = Inter-level travel time spent in this place.
 D = Time resting spent in this place.
 E = Time spent auto-exploring this place.
 F = Levels seen in this place.
 G = Mean time per level.
                   A        B        C        D        E       F      G
               +--------+--------+--------+--------+--------+-----+--------+
         Total |   3373 |   2992 |    381 |    262 |   1857 |   4 |  843.2 |
       Dungeon |   3373 |   2992 |    381 |    262 |   1857 |   4 |  843.2 |
               +--------+--------+--------+--------+--------+-----+--------+

Top non-repeatable levels by time:
     D:2: 1518 daAuts
     D:3: 936 daAuts
     D:1: 744 daAuts
     D:4: 175 daAuts
